 Dungeon Sprint DCSS version 0.26-a0-1101-g8f9f7f7418 (webtiles) character file.

Game seed: 807870658083023599

10300000 Adamkad1 the Axe Maniac (level 27, -55/263 (292) HPs)
             Began as a Palentonga Gladiator on Dec 15, 2020.
             Was the Champion of Makhleb.
             Killed from afar by a wretched soul (136 damage)
             ... with a bolt of negative energy
             ... in the Dungeon (Sprint VIII: "Arena of Blood").
             The game lasted 00:03:25 (103 turns).

Adamkad1 the Axe Maniac (Palentonga Gladiator)       Turns: 103, Time: 00:03:25

HP:   -55/263 (292) AC: 17    Str: 21    XL:     27
MP:   42/54         EV: 31    Int: 10    God:    Makhleb [******]
Gold: 0             SH:  0    Dex: 20    Spells: 80/80 levels left

rFire    . . .     SeeInvis +   k - +∞ Axe of Woe
rCold    . . .     Faith    .   (shield currently unavailable)
rNeg     . . .     Spirit   .   b - +0 leather armour
rPois    .         Reflect  .   c - +0 helmet
rElec    .         Harm     .   (no cloak)
rCorr    .         Rampage  .   (no gloves)
Will     ++...     NoTele   +   (no barding)
Stlth    ++++++++++             (no amulet)
HPRegen  0.53/turn              (no ring)
MPRegen  0.34/turn              (no ring)

@: drained, curled up
A: large, rugged brown scales 3, see invisible, deformed body, roll 1, armoured
tail, reflexive curl
a: Rolling Charge, Minor Destruction, Lesser Servant of Makhleb, Major
Destruction, Greater Servant of Makhleb, Renounce Religion


You were in the Dungeon.
You worshipped Makhleb.
Makhleb was exalted by your worship.
You visited 1 branch

Inventory:

Hand Weapons
 a - a +0 war axe
 k - the +∞ Axe of Woe (weapon)
   (You found it in the Dungeon)
Missiles
 d - 3 throwing nets (quivered)
Armour
 b - a +0 leather armour (worn)
 c - a +0 helmet (worn)
Scrolls
 j - a scroll of blinking
Potions
 e - a potion of curing
 f - a potion of heal wounds
 g - a potion of haste
 h - 2 potions of magic
 i - a potion of berserk rage


   Skills:
 O Level 27 Fighting
 O Level 27 Short Blades
 O Level 27 Long Blades
 O Level 27 Axes
 O Level 27 Maces & Flails
 O Level 27 Polearms
 O Level 27 Staves
 O Level 27 Slings
 O Level 27 Bows
 O Level 27 Crossbows
 O Level 27 Throwing
 O Level 27 Armour
 O Level 27 Dodging
 O Level 27 Stealth
 O Level 27 Shields
 O Level 27 Unarmed Combat
 O Level 27 Spellcasting
 O Level 27 Conjurations
 O Level 27 Hexes
 O Level 27 Summonings
 O Level 27 Necromancy
 O Level 27 Translocations
 O Level 27 Transmutations
 O Level 27 Fire Magic
 O Level 27 Ice Magic
 O Level 27 Air Magic
 O Level 27 Earth Magic
 O Level 27 Poison Magic
 O Level 27 Invocations
 O Level 27 Evocations


You had 80 spell levels left.
You didn't know any spells.
Your spell library was empty.

Dungeon Overview and Level Annotations

Branches:
Dungeon (1/1)

Altars:
Makhleb


Innate Abilities, Weirdness & Mutations

You are completely covered in rugged brown scales. (AC +3, +7% HP)
You have supernaturally acute eyesight. (SInv)
Armour fits poorly on your strangely shaped body.
You can roll at nearby foes to attack.
You have a long armoured tail.
You curl defensively after being hit.


Message History

A scourge comes into view.
The scourge hisses angrily.
You chop the tyrant into pieces!!!!
You slaughter the tyrant joyfully.
You destroy the tyrant!
Makhleb accepts your kill.
You feel better.
You hear a shout! x3
The observer pulsates ominously.
You hear a shout!
The dread calls on the powers of darkness!
Your body is wracked with pain!
* * * LOW HITPOINT WARNING * * *
The observer convulses!
The eight-headed meat hydra convulses!
The scourge convulses!
You hear a shout!
The wretched soul breathes negative energy at you.
The bolt of negative energy hits you!!!!
You feel drained.
Ouch! That really hurt!
You die...

._.......)))............#
###.......))#.#.#..#....#
....###..........#.....#
....#......S..†...#....#
....#..L...†))..)#.....#
...o...................#
oo....#...#....).##..#
Lo...#...G#)).)G##...#
##...O.#..@).#....#
#...O..#W..○##)....#
#...###)..W#○......#
.........#L.○......#
......DW........####
####.........####
#..M....#### ..M...####
....###


You could see an accursed, a tyrant, an eight-headed meat hydra, an observer
(fast, invisible), a scourge, 2 wretched souls and a dread.

Vanquished Creatures
  4 hell beasts (D)
  Edmund (D)
  3 royal mummies (D)
  4 great orbs of eyes (D)
  A wraith (D)
  Harold (D)
  13 vampire knights (D)
  28 ogres (D)
  6 two-headed ogres (D)
  7 liches (D)
  4 hydras (D)
  83 orcs (D)
  4 phantoms (D)
  6 skeletal warriors (D)
  2 large abominations (D)
  10 small abominations (D)
  9 crawling corpses (D)
186 creatures vanquished.

Vanquished Creatures (others)
  A crawling corpse (D)
1 creature vanquished.

Grand Total: 187 creatures vanquished

Notes
Turn   | Place    | Note
-------+----------+-------------------------------------------
     0 | D        | Found the +∞ Axe of Woe
     0 | D        | Adamkad1 the Palentonga Gladiator began the quest for the
                  | Orb.
     0 | D        | Reached XP level 1. HP: 18/18 MP: 1/1
     1 | D        | Noticed a meat berserker
     3 | D        | Became a worshipper of Makhleb the Destroyer
     3 | D        | Noticed a bag of meat
     5 | D        | Killed a meat berserker
     5 | D        | Noticed a bag of meat
     6 | D        | Reached skill level 15 in Fighting
     6 | D        | Reached XP level 2. HP: 51/51 MP: 2/2
     6 | D        | Reached XP level 3. HP: 58/58 MP: 3/3
     6 | D        | Reached XP level 4. HP: 66/66 MP: 4/4
     6 | D        | Reached XP level 5. HP: 73/73 MP: 5/5
     6 | D        | Reached XP level 6. HP: 82/82 MP: 6/6
     6 | D        | Gained mutation: You curl defensively after being hit.
                  | [Palentonga growth]
     6 | D        | Reached XP level 7. HP: 88/88 MP: 7/7
     6 | D        | Reached XP level 8. HP: 97/97 MP: 8/8
     6 | D        | Reached XP level 9. HP: 103/103 MP: 9/9
     6 | D        | Reached XP level 10. HP: 112/112 MP: 10/10
     6 | D        | Reached XP level 11. HP: 119/119 MP: 11/11
     6 | D        | Reached XP level 12. HP: 129/129 MP: 12/12
     6 | D        | Reached XP level 13. HP: 135/135 MP: 13/13
     7 | D        | Killed a bag of meat
     7 | D        | Reached * piety under Makhleb
     7 | D        | Killed a bag of meat
     7 | D        | Noticed a meat berserker
     8 | D        | Reached skill level 15 in Dodging
     8 | D        | Reached XP level 14. HP: 150/150 MP: 14/14
     8 | D        | Killed a meat berserker
     8 | D        | Noticed a bag of meat
     8 | D        | Noticed a bag of meat
     9 | D        | Reached skill level 15 in Throwing
     9 | D        | Reached XP level 15. HP: 162/162 MP: 15/15
     9 | D        | Noticed a meat berserker
    10 | D        | Noticed a meat berserker
    10 | D        | Noticed a meat berserker
    10 | D        | Reached ** piety under Makhleb
    10 | D        | Noticed a meat berserker
    11 | D        | Noticed a large bag of meat
    11 | D        | Killed a meat berserker
    12 | D        | Reached skill level 27 in Axes
    12 | D        | Reached XP level 16. HP: 180/180 MP: 16/16
    12 | D        | Killed a meat berserker
    12 | D        | Reached *** piety under Makhleb
    13 | D        | Reached XP level 17. HP: 197/197 MP: 17/17
    13 | D        | Killed a meat berserker
    14 | D        | Killed a meat berserker
    14 | D        | Reached **** piety under Makhleb
    15 | D        | Reached skill level 27 in Fighting
    15 | D        | Reached XP level 18. HP: 214/214 MP: 18/18
    16 | D        | Noticed a meat berserker
    17 | D        | Reached skill level 27 in Dodging
    17 | D        | Reached ***** piety under Makhleb
    18 | D        | Reached skill level 27 in Throwing
    18 | D        | Reached skill level 1 in Long Blades
    18 | D        | Reached skill level 1 in Maces & Flails
    18 | D        | Reached skill level 1 in Polearms
    18 | D        | Reached skill level 1 in Staves
    18 | D        | Reached skill level 1 in Slings
    18 | D        | Reached skill level 1 in Bows
    18 | D        | Reached skill level 1 in Crossbows
    18 | D        | Reached skill level 1 in Armour
    18 | D        | Reached skill level 1 in Stealth
    18 | D        | Reached skill level 1 in Shields
    18 | D        | Reached skill level 1 in Unarmed Combat
    18 | D        | Reached skill level 1 in Spellcasting
    18 | D        | Reached skill level 1 in Conjurations
    18 | D        | Reached skill level 1 in Hexes
    18 | D        | Reached skill level 1 in Summonings
    18 | D        | Reached skill level 1 in Necromancy
    18 | D        | Reached skill level 1 in Translocations
    18 | D        | Reached skill level 1 in Transmutations
    18 | D        | Reached skill level 1 in Fire Magic
    18 | D        | Reached skill level 1 in Ice Magic
    18 | D        | Reached skill level 1 in Earth Magic
    18 | D        | Reached skill level 1 in Poison Magic
    18 | D        | Reached skill level 1 in Invocations
    18 | D        | Reached skill level 1 in Evocations
    18 | D        | Reached XP level 19. HP: 221/221 MP: 18/21
    18 | D        | Noticed a meat berserker
    18 | D        | Noticed a large bag of meat
    19 | D        | Reached skill level 5 in Short Blades
    19 | D        | Killed a large bag of meat
    19 | D        | Noticed a destroyer
    19 | D        | Noticed a meat berserker
    20 | D        | Reached skill level 5 in Long Blades
    20 | D        | Reached skill level 5 in Maces & Flails
    20 | D        | Reached skill level 5 in Staves
    20 | D        | Reached skill level 5 in Unarmed Combat
    20 | D        | Reached skill level 5 in Hexes
    20 | D        | Reached skill level 5 in Necromancy
    20 | D        | Reached skill level 5 in Translocations
    20 | D        | Reached skill level 5 in Transmutations
    20 | D        | Reached skill level 5 in Invocations
    20 | D        | Killed a destroyer
    21 | D        | Reached skill level 10 in Short Blades
    21 | D        | Reached skill level 5 in Slings
    21 | D        | Reached skill level 5 in Bows
    21 | D        | Reached skill level 5 in Crossbows
    21 | D        | Reached skill level 5 in Armour
    21 | D        | Reached skill level 5 in Stealth
    21 | D        | Reached skill level 5 in Shields
    21 | D        | Reached skill level 5 in Summonings
    21 | D        | Reached skill level 5 in Fire Magic
    21 | D        | Reached skill level 5 in Ice Magic
    21 | D        | Reached skill level 5 in Poison Magic
    21 | D        | Reached XP level 20. HP: 196/231 MP: 18/29
    22 | D        | Noticed a meat berserker
    23 | D        | Reached skill level 10 in Air Magic
    23 | D        | Reached ****** piety under Makhleb
    24 | D        | Reached skill level 10 in Long Blades
    24 | D        | Reached skill level 10 in Invocations
    24 | D        | Reached XP level 21. HP: 239/239 MP: 18/34
    24 | D        | Noticed a large bag of meat
    25 | D        | Reached skill level 15 in Short Blades
    25 | D        | Reached skill level 10 in Maces & Flails
    25 | D        | Reached skill level 10 in Staves
    25 | D        | Reached skill level 10 in Unarmed Combat
    25 | D        | Reached skill level 10 in Hexes
    25 | D        | Reached skill level 10 in Necromancy
    25 | D        | Reached skill level 10 in Translocations
    25 | D        | Reached skill level 10 in Transmutations
    26 | D        | Reached skill level 10 in Polearms
    26 | D        | Reached skill level 10 in Spellcasting
    26 | D        | Reached skill level 10 in Conjurations
    26 | D        | Reached skill level 10 in Earth Magic
    26 | D        | Reached skill level 10 in Evocations
    27 | D        | Reached skill level 10 in Bows
    27 | D        | Reached skill level 10 in Crossbows
    27 | D        | Reached skill level 10 in Armour
    27 | D        | Reached skill level 10 in Shields
    27 | D        | Reached skill level 10 in Summonings
    27 | D        | Reached skill level 10 in Fire Magic
    27 | D        | Reached skill level 10 in Ice Magic
    27 | D        | Reached skill level 10 in Poison Magic
    27 | D        | Reached XP level 22. HP: 249/249 MP: 19/36
    27 | D        | Noticed a destroyer
    28 | D        | Noticed a destroyer
    29 | D        | Reached skill level 15 in Air Magic
    30 | D        | Reached skill level 10 in Slings
    30 | D        | Reached skill level 10 in Stealth
    30 | D        | Reached XP level 23. HP: 256/256 MP: 19/39
    30 | D        | Killed a large bag of meat
    30 | D        | Killed a destroyer
    31 | D        | Reached skill level 15 in Invocations
    31 | D        | Noticed a destroyer
    31 | D        | Noticed a destroyer
    32 | D        | Reached skill level 15 in Long Blades
    32 | D        | Reached skill level 15 in Maces & Flails
    32 | D        | Reached skill level 15 in Staves
    32 | D        | Reached skill level 15 in Unarmed Combat
    32 | D        | Reached skill level 15 in Hexes
    32 | D        | Reached skill level 15 in Necromancy
    32 | D        | Reached skill level 15 in Translocations
    32 | D        | Reached skill level 15 in Transmutations
    32 | D        | Killed a large bag of meat
    33 | D        | Reached XP level 24. HP: 222/266 MP: 20/41
    35 | D        | Reached skill level 15 in Polearms
    35 | D        | Reached skill level 15 in Spellcasting
    35 | D        | Reached skill level 15 in Conjurations
    35 | D        | Reached skill level 15 in Earth Magic
    35 | D        | Reached skill level 15 in Evocations
    36 | D        | Reached XP level 25. HP: 274/274 MP: 21/42
    37 | D        | Killed a destroyer
    37 | D        | Noticed a destroyer
    38 | D        | Reached skill level 15 in Bows
    38 | D        | Reached skill level 15 in Crossbows
    38 | D        | Reached skill level 15 in Armour
    38 | D        | Reached skill level 15 in Shields
    38 | D        | Reached skill level 15 in Summonings
    38 | D        | Reached skill level 15 in Fire Magic
    38 | D        | Reached skill level 15 in Ice Magic
    38 | D        | Reached skill level 15 in Poison Magic
    38 | D        | Killed a destroyer
    39 | D        | Reached XP level 26. HP: 284/284 MP: 22/44
    40 | D        | Reached skill level 15 in Slings
    40 | D        | Killed a destroyer
    41 | D        | Reached skill level 27 in Short Blades
    41 | D        | Reached skill level 15 in Stealth
    42 | D        | Reached XP level 27. HP: 292/292 MP: 22/45
    42 | D        | Noticed a destroyer
    42 | D        | Killed a destroyer
    42 | D        | Noticed a large bag of meat
    42 | D        | Noticed a destroyer
    43 | D        | Noticed a destroyer
    43 | D        | Noticed a destroyer
    43 | D        | Noticed a destroyer
    44 | D        | Killed a destroyer
    45 | D        | Noticed a tyrant
    47 | D        | Noticed a tyrant
    47 | D        | Killed a large bag of meat
    48 | D        | Killed a destroyer
    48 | D        | Killed a destroyer
    49 | D        | Reached skill level 27 in Air Magic
    51 | D        | Killed a destroyer
    52 | D        | Killed a tyrant
    52 | D        | Noticed a tyrant
    54 | D        | Killed a destroyer
    55 | D        | Reached skill level 27 in Invocations
    55 | D        | Noticed a destroyer
    56 | D        | Killed a tyrant
    56 | D        | Noticed The Servant
    57 | D        | Killed a tyrant
    58 | D        | Noticed a tyrant
    59 | D        | Noticed a tyrant
    60 | D        | Reached skill level 27 in Long Blades
    60 | D        | Reached skill level 27 in Maces & Flails
    60 | D        | Reached skill level 27 in Staves
    60 | D        | Reached skill level 27 in Hexes
    60 | D        | Reached skill level 27 in Translocations
    60 | D        | Reached skill level 27 in Transmutations
    60 | D        | Noticed a large bag of meat
    60 | D        | Noticed an accursed
    61 | D        | Reached skill level 27 in Unarmed Combat
    61 | D        | Reached skill level 27 in Necromancy
    61 | D        | Noticed a meat beast
    61 | D        | Noticed an accursed
    63 | D        | Killed a meat beast
    63 | D        | Killed a tyrant
    64 | D        | Reached skill level 27 in Polearms
    64 | D        | Reached skill level 27 in Spellcasting
    64 | D        | Reached skill level 27 in Conjurations
    64 | D        | Reached skill level 27 in Earth Magic
    64 | D        | Reached skill level 27 in Evocations
    64 | D        | Noticed a large bag of meat
    67 | D        | Reached skill level 27 in Bows
    67 | D        | Killed a large bag of meat
    68 | D        | Reached skill level 27 in Crossbows
    68 | D        | Reached skill level 27 in Armour
    68 | D        | Reached skill level 27 in Shields
    68 | D        | Reached skill level 27 in Summonings
    68 | D        | Reached skill level 27 in Fire Magic
    68 | D        | Reached skill level 27 in Ice Magic
    68 | D        | Reached skill level 27 in Poison Magic
    68 | D        | Killed an accursed
    68 | D        | Noticed a meat beast
    69 | D        | Reached skill level 27 in Slings
    69 | D        | Reached skill level 27 in Stealth
    69 | D        | Noticed a meat beast
    69 | D        | Killed a large bag of meat
    69 | D        | Noticed an accursed
    72 | D        | Killed a meat beast
    73 | D        | Killed a meat beast
    73 | D        | Noticed a dread
    80 | D        | Killed a dread
    82 | D        | Killed a destroyer
    83 | D        | Killed an accursed
    85 | D        | Noticed a meat beast
    86 | D        | Killed The Servant
    87 | D        | Noticed a tyrant
    87 | D        | Killed a meat beast
    87 | D        | Noticed a dread
    88 | D        | Noticed a tyrant
    90 | D        | Noticed a tyrant
    90 | D        | Noticed a destroyer
    90 | D        | Noticed a large bag of meat
    91 | D        | Noticed a tyrant
    92 | D        | Noticed an accursed
    93 | D        | Killed an accursed
    94 | D        | Killed a destroyer
    95 | D        | Noticed The Defiler
    96 | D        | Killed a tyrant
    97 | D        | Killed a tyrant
    98 | D        | Noticed an accursed
    99 | D        | Noticed a tyrant
   100 | D        | Killed The Defiler
   103 | D        | Killed a tyrant
   103 | D        | Killed from afar by a wretched soul

Illustrated notes

Levels and vault maps discovered:
D:        meatsprint

Skill      XL: |  1  2  3  4  5  6  7  8  9 10 11 12 13 14 15 16 17 18 19 20 21 22 23 24 25 26 27 |
---------------+----------------------------------------------------------------------------------+-----
Fighting       | 15 17 19 22 25 27 | 27.0
Axes           | 20 23 25 27 | 27.0
Throwing       | 12 14 15 17 20 24 27 | 27.0
Dodging        | 13 15 16 19 21 26 27 | 27.0
Short Blades   | 2 10 14 17 19 21 23 25 27 | 27.0
Long Blades    | 1 7 10 11 13 15 16 18 19 27 | 27.0
Maces & Flails | 1 7 9 11 13 15 16 18 19 27 | 27.0
Polearms       | 1 6 9 11 12 14 15 17 18 27 | 27.0
Staves         | 1 7 9 11 13 15 17 18 19 27 | 27.0
Slings         | 1 5 7 9 10 12 13 14 16 27 | 27.0
Bows           | 1 5 8 10 11 13 14 16 17 27 | 27.0
Crossbows      | 1 5 8 10 11 13 14 16 17 27 | 27.0
Armour         | 1 5 8 10 11 13 14 16 17 27 | 27.0
Stealth        | 1 5 7 9 10 12 13 14 15 27 | 27.0
Shields        | 1 5 8 10 11 13 14 16 17 27 | 27.0
Unarmed Combat | 1 7 9 11 13 15 16 18 19 27 | 27.0
Spellcasting   | 1 6 9 10 12 14 15 17 18 27 | 27.0
Conjurations   | 1 6 9 11 12 14 15 17 18 27 | 27.0
Hexes          | 1 6 9 11 13 15 16 18 19 27 | 27.0
Summonings     | 1 5 8 10 11 13 14 15 17 27 | 27.0
Necromancy     | 1 7 9 11 13 15 16 18 19 27 | 27.0
Translocations | 1 6 9 11 13 15 17 18 20 27 | 27.0
Transmutations | 1 7 9 11 13 15 17 18 19 27 | 27.0
Fire Magic     | 1 5 8 10 11 13 14 15 17 27 | 27.0
Ice Magic      | 1 5 8 10 11 13 14 15 17 27 | 27.0
Air Magic      | 2 9 12 14 16 19 20 22 24 27 | 27.0
Earth Magic    | 1 6 8 11 12 14 15 17 18 27 | 27.0
Poison Magic   | 1 5 8 10 11 13 14 15 17 27 | 27.0
Invocations    | 1 7 10 12 14 16 18 19 21 27 | 27.0
Evocations     | 1 6 9 10 12 14 15 17 18 27 | 27.0

Action                   |  1- 3 |  4- 6 |  7- 9 | 10-12 | 13-15 | 16-18 | 19-21 | 22-24 | 25-27 || total
-------------------------+-------+-------+-------+-------+-------+-------+-------+-------+-------++-------
Melee: Executioner's axe |     1 |       |       |       |     4 |     6 |     9 |     9 |    67 ||    96
 Abil: Rolling Charge    |       |       |       |       |     3 |     2 |     2 |     3 |    27 ||    37
Armor: Leather armour    |       |       |       |       |       |       |       |       |     4 ||     4
Dodge: Dodged            |       |       |       |       |       |       |       |       |     7 ||     7

Table legend: (Time is in decaauts)
 A = Elapsed time spent in this place.
 B = Non-inter-level travel time spent in this place.
 C = Inter-level travel time spent in this place.
 D = Time resting spent in this place.
 E = Time spent auto-exploring this place.
 F = Levels seen in this place.
 G = Mean time per level.
                   A        B        C        D        E       F      G
               +--------+--------+--------+--------+--------+-----+--------+
         Total |     93 |     93 |      0 |      0 |      0 |   1 |   93.0 |
       Dungeon |     93 |     93 |      0 |      0 |      0 |   1 |   93.0 |
               +--------+--------+--------+--------+--------+-----+--------+

Top non-repeatable levels by time:
       D: 93 daAuts
